 Dungeon Crawl Stone Soup version 0.27.1 (webtiles) character file.

Game seed: 3329696896766572122

11430 Renzlar the Blocker (level 11, -4/97 HPs)
             Began as a Gnoll Fighter on Aug 29, 2021.
             Was a High Priest of Okawaru.
             Slain by a tyrant leech (25 damage)
             ... in a Gauntlet.
             The game lasted 00:42:46 (11509 turns).

Renzlar the Blocker (Gnoll Fighter)                Turns: 11509, Time: 00:42:47

Health: -4/97      AC: 14    Str: 19    XL:     11   Next: 77%
Magic:  20/20      EV: 16    Int:  8    God:    Okawaru [*****.]
Gold:   645        SH: 17    Dex: 12    Spells: 23/23 levels left

rFire    . . .     SeeInvis .   F - +4 broad axe (elec)
rCold    . . .     Faith    .   I - +1 kite shield
rNeg     . . .     Spirit   .   M - +2 ring mail {rC+}
rPois    .         Reflect  +   H - +2 helmet
rElec    .         Harm     .   (no cloak)
rCorr    .         Rampage  .   r - +0 pair of gloves
Will     .....     NoTele   +   (no boots)
Stlth    +++.......             z - amulet of reflection
HPRegen  0.26/turn              g - ring "Filupikk" {rC- EV+4 Str+3 Slay+3}
MPRegen  0.17/turn              x - +4 ring of slaying

@: no status effects
A: fangs 1, strong nose, distributed training, robust 1, shaggy fur 1, weak 1
a: Renounce Religion, Heroism, Finesse


You were in a Gauntlet.
You worshipped Okawaru.
Okawaru was extremely pleased with you.
You visited 3 branches of the dungeon, and saw 12 of its levels.
You also visited: Ossuary and Gauntlet.

You collected 645 gold pieces.

Inventory:

Hand Weapons
 a - a +2 war axe of flaming
 c - a +0 hunting sling
 d - a +5 mace
 n - a +2 short sword of electrocution
 F - a +4 broad axe of electrocution (weapon)
 O - a +0 hand crossbow
Missiles
 e - 265 stones
 k - 64 bolts
 u - 48 poisoned darts (quivered)
 A - 75 sling bullets
 P - 4 curare-tipped darts
Armour
 r - a +0 pair of gloves (worn)
 H - a +2 helmet (worn)
 I - a +1 kite shield (worn)
 M - a +2 ring mail of cold resistance (worn)
Jewellery
 b - a ring of poison resistance
 g - the ring "Filupikk" (left hand) {rC- EV+4 Str+3 Slay+3}
   (You acquired it on level 1 of the Dungeon)

   [ring of evasion]

   EV:        It affects your evasion (+4).
   Str:       It affects your strength (+3).
   Slay:      It affects your accuracy & damage with ranged weapons and melee
   (+3).
   rC:        It makes you vulnerable to cold.
 x - a +4 ring of slaying (right hand)
 y - the ring of the Skies Above {rElec AC+4 Int+4}
   (You acquired it on level 5 of the Dungeon)

   [ring of protection]

   AC:        It affects your AC (+4).
   Int:       It affects your intelligence (+4).
   rElec:     It insulates you from electricity.
 z - an amulet of reflection (around neck)
 J - a ring of ice
Wands
 l - a wand of flame (19)
 s - a wand of mindburst (7)
 t - a wand of acid (9)
 C - a wand of charming (5)
 G - a wand of iceblast (7)
 K - a wand of paralysis (11)
Scrolls
 h - 3 scrolls of identify
 o - 3 scrolls of teleportation
 p - a scroll of enchant weapon
 L - a scroll of blinking
Potions
 f - 3 potions of haste
 i - 4 potions of curing
 j - 5 potions of heal wounds
 m - 2 potions of magic
 q - 4 potions of might
 w - 4 potions of mutation
 B - a potion of cancellation
 D - a potion of invisibility
 N - a potion of berserk rage


   Skills:
 + Level 9.4 Fighting
 + Level 6.6 Short Blades
 + Level 6.6 Long Blades
 + Level 8.1 Axes
 + Level 6.6 Maces & Flails
 + Level 6.6 Polearms
 + Level 6.6 Staves
 + Level 6.6 Slings
 + Level 6.6 Bows
 + Level 6.6 Crossbows
 + Level 6.6 Throwing
 + Level 9.4 Armour
 + Level 6.6 Dodging
 + Level 6.6 Stealth
 + Level 9.4 Shields
 + Level 6.6 Unarmed Combat
 + Level 6.6 Spellcasting
 + Level 5.5 Conjurations
 + Level 5.5 Hexes
 + Level 5.5 Summonings
 + Level 5.5 Necromancy
 + Level 5.5 Translocations
 + Level 5.5 Transmutations
 + Level 5.5 Fire Magic
 + Level 5.5 Ice Magic
 + Level 5.5 Air Magic
 + Level 5.5 Earth Magic
 + Level 5.5 Poison Magic
 + Level 7.2 Invocations
 + Level 6.6 Evocations


You had 23 spell levels left.
You didn't know any spells.
Your spell library contained the following spells:

 Spells                   Type           Power      Damage    Failure   Level
 Animate Skeleton         Necr           22%        N/A       8%          1
 Apportation              Tloc           22%        N/A       8%          1
 Corona                   Hex            12%        N/A       8%          1
 Pain                     Necr           44%        1d6       8%          1
 Sandblast                Erth           22%        2d7       8%          1
 Summon Small Mammal      Summ           44%        N/A       8%          1
 Passwall                 Tmut/Erth      9%         N/A       12%         2
 Gell's Gravitas          Tloc           5%         N/A       22%         3
 Teleport Other           Tloc           11%        N/A       22%         3
 Vampiric Draining        Necr           5%         2d6       22%         3
 Lee's Rapid Deconstruct  Erth           5%         3d7*      91%         5
 Dispersal                Tloc           5%         N/A       100%        6


Dungeon Overview and Level Annotations

Branches:
Dungeon (10/15)            Temple (1/1) D:6            Lair (1/6) D:10
    Orc (0/2) D:9         Ossuary (visited)         Gauntlet (1/1)

Altars:
Ashenzari
Cheibriados
Elyvilon
Fedhas
Gozag
Hepliaklqana
Kikubaaqudgha
Nemelex Xobeh
Okawaru
Ru
Sif Muna
Trog
Uskayaw
Vehumet
Wu Jian
Yredelemnul
Zin
The Shining One

Shops:
D:1 *   D:9 *

Annotations:
Gauntlet 9 transporters


Innate Abilities, Weirdness & Mutations

You have very sharp teeth.
Your uncanny sense of smell can sniff out nearby items.
Your experience applies equally to all skills.
You are robust. (+10% HP)
You are covered in fur. (AC +1)
You are weak. (Str -2)


Message History

You miss the tyrant leech.
The tyrant leech is moderately wounded.
You hit the swamp worm.
The swamp worm bites you but does no damage.
You block the swamp worm's attack. You block the tyrant leech's attack.
You slash the tyrant leech!
Lightning courses through the tyrant leech!
The tyrant leech is heavily wounded.
You slash the swamp worm!
Lightning courses through the swamp worm!
You kill the swamp worm!
Okawaru accepts your kill. The tyrant leech barely misses you.
Unknown command.
You barely miss the tyrant leech.
You bite the tyrant leech, but do no damage.
The tyrant leech is heavily wounded.
The tyrant leech bites you but does no damage.
You closely miss the tyrant leech.
The tyrant leech is heavily wounded.
You block the tyrant leech's attack.
You slash the tyrant leech!
The tyrant leech is severely wounded.
You block the tyrant leech's attack.
You hit the tyrant leech. Your bite misses the tyrant leech.
The tyrant leech is severely wounded.
You block the tyrant leech's attack.
You closely miss the tyrant leech.
The tyrant leech is severely wounded.
The tyrant leech misses you.
You closely miss the tyrant leech.
The tyrant leech is severely wounded.
The tyrant leech bites you!!
* * * LOW HITPOINT WARNING * * *
The tyrant leech draws strength from your injuries!
Unknown command.
You completely miss the tyrant leech.
The tyrant leech is severely wounded.
The tyrant leech bites you!!
You die...

##.©.#≈...........§§§............
.....#∩............≈8≈........∩..
##.©.#≈.............≈............
#...#..###########...###########
##...#..#.........#...#=.....#..#
...8.#..#..##.##..#...#.....#...#
##...#..#(##...##.######....#...#
#.8.#..#$#....w#.#...#(##.#.(..#
#...#..#©...©.†@†#©.©#©..###...#
#≈8≈#..#[#.....#.#...#....#©##.#
#####..#!##...##.#####...#....##
###..#..##.##..#...#!..#.....#
#8#..#.........#.8.#..#......#
###..###########...###########
#...........................
#§..........................
############################


You could see a tyrant leech.

Vanquished Creatures
  2 two-headed ogres
  A centaur warrior (D:9)
  Sonja (D:10)
  A black mamba (Lair:1)
  2 cane toads (Lair:1)
  2 komodo dragons
  A troll (D:9)
  3 shadows (Gauntlet)
  10 yaks
  4 vampire mosquitoes (D:10)
  A wyvern (D:8)
  A steam dragon (D:8)
  The ghost of rebdls the Caller, an amateur MfSu (D:4)
  3 swamp worms (Gauntlet)
  2 acid dragons (D:10)
  A water moccasin (D:7)
  2 orc warriors
  A hornet zombie (D:6)
  4 ice beasts (D:6)
  A sky beast (D:7)
  An ogre (D:5)
  5 centaurs
  3 phantoms (D:5)
  An elf zombie (Ossuary)
  2 kobold brigands
  4 bullfrogs
  A gnoll sergeant (D:6)
  3 scorpions
  A water moccasin zombie (D:7)
  A water moccasin skeleton (D:4)
  9 killer bees
  4 wights (D:8)
  2 electric eels (D:8)
  A howler monkey (D:6)
  A hound (D:4)
  3 jellies
  3 centaur zombies
  2 human zombies (Ossuary)
  2 orc priests
  2 bullfrog zombies (D:6)
  A bullfrog skeleton (D:4)
  5 orc wizards
  5 iguanas
  A killer bee zombie (D:7)
  2 mummies (Ossuary)
  A howler monkey zombie (D:10)
  4 gnolls (D:6)
  A river rat (D:6)
  9 adders
  A white imp (D:6)
  4 adder zombies (Ossuary)
  An adder skeleton (D:4)
  3 worms
  2 dart slugs
  24 orcs
  8 endoplasms
  3 giant cockroaches
  8 goblins
  6 hobgoblins
  18 jackals
  4 quokkas
  6 ball pythons
  3 bats
  7 frilled lizards
  11 hobgoblin zombies (Ossuary)
  A jackal zombie (Ossuary)
  19 kobolds
  10 kobold zombies (Ossuary)
  6 orc zombies (Ossuary)
  7 rats
  A rat zombie (Ossuary)
277 creatures vanquished.

Vanquished Creatures (others)
  A kobold (D:10)
  34 demonic plants (Gauntlet)
  11 plants
  A withered plant (D:1)
47 creatures vanquished.

Grand Total: 324 creatures vanquished

Notes
Turn   | Place    | Note
-------+----------+-------------------------------------------
     0 | D:1      | Renzlar the Gnoll Fighter began the quest for the Orb.
     0 | D:1      | Reached XP level 1. HP: 23/23 MP: 1/1
   157 | D:1      | Found a faded altar of an unknown god.
   361 | D:1      | Found Ostryuf's General Store.
   499 | D:1      | Reached XP level 2. HP: 24/29 MP: 2/2
   654 | D:1      | Identified a scroll of acquirement
   654 | D:1      | Acquired the ring "Filupikk" {rC- EV+4 Str+3 Slay+3}
   743 | D:2      | Reached XP level 3. HP: 35/35 MP: 3/3
   799 | D:2      | Reached skill level 1 in Invocations
   921 | D:2      | Reached skill level 1 in Short Blades
   921 | D:2      | Reached skill level 1 in Long Blades
   921 | D:2      | Reached skill level 1 in Maces & Flails
   921 | D:2      | Reached skill level 1 in Polearms
   921 | D:2      | Reached skill level 1 in Staves
   921 | D:2      | Reached skill level 1 in Slings
   921 | D:2      | Reached skill level 1 in Bows
   921 | D:2      | Reached skill level 1 in Crossbows
   921 | D:2      | Reached skill level 1 in Throwing
   921 | D:2      | Reached skill level 1 in Dodging
   921 | D:2      | Reached skill level 1 in Stealth
   921 | D:2      | Reached skill level 1 in Unarmed Combat
   921 | D:2      | Reached skill level 1 in Spellcasting
   921 | D:2      | Reached skill level 1 in Evocations
   933 | D:2      | Reached XP level 4. HP: 41/41 MP: 5/5
  1128 | D:2      | Reached skill level 1 in Conjurations
  1128 | D:2      | Reached skill level 1 in Hexes
  1128 | D:2      | Reached skill level 1 in Summonings
  1128 | D:2      | Reached skill level 1 in Necromancy
  1128 | D:2      | Reached skill level 1 in Translocations
  1128 | D:2      | Reached skill level 1 in Transmutations
  1128 | D:2      | Reached skill level 1 in Fire Magic
  1128 | D:2      | Reached skill level 1 in Ice Magic
  1128 | D:2      | Reached skill level 1 in Air Magic
  1128 | D:2      | Reached skill level 1 in Earth Magic
  1128 | D:2      | Reached skill level 1 in Poison Magic
  1765 | D:3      | Noticed a scorpion
  1768 | D:3      | Killed a scorpion
  1769 | D:3      | Reached XP level 5. HP: 37/47 MP: 5/7
  2229 | D:4      | Reached XP level 6. HP: 53/53 MP: 8/8
  2459 | D:4      | Reached skill level 5 in Axes
  2676 | D:4      | Found a runed translucent door.
  2679 | D:4      | Noticed rebdls's ghost (amateur MfSu)
  2704 | D:4      | Killed rebdls's ghost
  2705 | D:4      | Reached XP level 7. HP: 43/60 MP: 10/10
  2973 | D:5      | Entered Level 5 of the Dungeon
  3389 | D:5      | Acquired the ring of the Skies Above {rElec AC+4 Int+4}
  3610 | D:5      | Reached XP level 8. HP: 67/67 MP: 12/12
  4033 | D:6      | Found a sand-covered staircase.
  4040 | Ossuary  | Entered an ossuary
  4821 | D:6      | Reached XP level 9. HP: 71/72 MP: 14/14
  5181 | D:6      | Found a staircase to the Ecumenical Temple.
  5190 | Temple   | Entered the Ecumenical Temple
  5237 | Temple   | Became a worshipper of Warmaster Okawaru
  6238 | D:7      | Found a sacrificial altar of Ru.
  6722 | D:8      | Reached skill level 5 in Invocations
  6869 | D:8      | Gained mutation: Your spells are a little easier to cast,
                  | but a little less powerful. [potion of mutation]
  6869 | D:8      | Gained mutation: Your system is resistant to poisons.
                  | (rPois) [potion of mutation]
  6870 | D:8      | Lost mutation: Your system is resistant to poisons. (rPois)
                  | [potion of mutation]
  6870 | D:8      | Lost mutation: Your spells are a little easier to cast, but
                  | a little less powerful. [potion of mutation]
  6870 | D:8      | Gained mutation: You are robust. (+10% HP) [potion of
                  | mutation]
  6870 | D:8      | Gained mutation: You are covered in fur. (AC +1) [potion of
                  | mutation]
  6870 | D:8      | Gained mutation: You are weak. (Str -2) [potion of
                  | mutation]
  6910 | D:8      | Reached * piety under Okawaru
  6974 | D:8      | Noticed a komodo dragon
  6984 | D:8      | Killed a komodo dragon
  6985 | D:8      | Reached XP level 10. HP: 45/88 MP: 17/17
  7561 | D:8      | Reached skill level 5 in Short Blades
  7561 | D:8      | Reached skill level 5 in Long Blades
  7561 | D:8      | Reached skill level 5 in Maces & Flails
  7561 | D:8      | Reached skill level 5 in Polearms
  7561 | D:8      | Reached skill level 5 in Staves
  7561 | D:8      | Reached skill level 5 in Slings
  7561 | D:8      | Reached skill level 5 in Bows
  7561 | D:8      | Reached skill level 5 in Crossbows
  7561 | D:8      | Reached skill level 5 in Throwing
  7561 | D:8      | Reached skill level 5 in Dodging
  7561 | D:8      | Reached skill level 5 in Stealth
  7561 | D:8      | Reached skill level 5 in Unarmed Combat
  7561 | D:8      | Reached skill level 5 in Spellcasting
  7561 | D:8      | Reached skill level 5 in Evocations
  8408 | D:9      | Noticed a two-headed ogre
  8425 | D:9      | Killed a two-headed ogre
  8425 | D:9      | Reached ** piety under Okawaru
  8771 | D:9      | Found Cael Qaulen's Gadget Gallery.
  8840 | D:9      | Found a staircase to the Orcish Mines.
  9235 | D:9      | Noticed a centaur warrior
  9237 | D:9      | Killed a centaur warrior
  9237 | D:9      | Reached *** piety under Okawaru
  9723 | D:10     | Entered Level 10 of the Dungeon
  9766 | D:10     | Found a staircase to the Lair.
  9766 | D:10     | Noticed a two-headed ogre
  9782 | D:10     | Reached XP level 11. HP: 95/95 MP: 19/19
  9786 | D:10     | Killed a two-headed ogre
  9792 | D:10     | Received a gift from Okawaru
  9913 | D:10     | Reached skill level 5 in Conjurations
  9913 | D:10     | Reached skill level 5 in Hexes
  9913 | D:10     | Reached skill level 5 in Summonings
  9913 | D:10     | Reached skill level 5 in Necromancy
  9913 | D:10     | Reached skill level 5 in Translocations
  9913 | D:10     | Reached skill level 5 in Transmutations
  9913 | D:10     | Reached skill level 5 in Fire Magic
  9913 | D:10     | Reached skill level 5 in Ice Magic
  9913 | D:10     | Reached skill level 5 in Air Magic
  9913 | D:10     | Reached skill level 5 in Earth Magic
  9913 | D:10     | Reached skill level 5 in Poison Magic
  9931 | D:10     | Reached **** piety under Okawaru
 10770 | D:10     | Noticed Sonja
 10788 | D:10     | Killed Sonja
 11134 | Lair:1   | Entered Level 1 of the Lair of Beasts
 11202 | Lair:1   | Reached ***** piety under Okawaru
 11203 | Lair:1   | Identified the +4 longbow of the Desolation of Salt {flame,
                  | Str+4 Dex+7} (Okawaru gifted it to you on level 1 of the
                  | Lair of Beasts)
 11203 | Lair:1   | Received a gift from Okawaru
 11241 | Lair:1   | Found a gate leading to a gauntlet.
 11250 | Gauntlet | Entered a Gauntlet
 11250 | Gauntlet | Noticed a moth of wrath
 11250 | Gauntlet | Found a transporter.
 11250 | Gauntlet | Found a transporter.
 11250 | Gauntlet | Found a transporter.
 11261 | Gauntlet | Found a transporter.
 11271 | Gauntlet | Found a transporter.
 11287 | Gauntlet | Found a transporter.
 11301 | Gauntlet | Found a transporter.
 11313 | Gauntlet | Found a transporter.
 11319 | Gauntlet | Found a transporter.
 11333 | Gauntlet | Found a transporter.
 11338 | Gauntlet | Found a transporter.
 11342 | Gauntlet | Found a transporter.
 11509 | Gauntlet | Slain by a tyrant leech

Illustrated notes

Levels and vault maps discovered:
D:1:      dpeg_arrival_lava_temple_mockup, layout_basic,
          ebering_ecumenical_altar_petrified, serial_shops, shop
D:2:      layout_rooms, solitary_fountain, minmay_three_crescents
D:3:      layout_loops_corners
D:4:      layout_gridville, ebering_ghost_sewer_d, kennysheep_boxes
D:5:      layout_basic
D:6:      layout_loops_ring, lemuel_temple_firewalk_b,
          nicolae_ossuary_entry_ruins, gup_sewer_entry_bubbles
D:7:      layout_cave_pods, nicolae_ru_awakened_eye, kennysheep_another_room
D:8:      layout_layer_cave, serial_bayou_lagoon_a, st_stairs_4,
          minmay_lizard_king
D:9:      layout_grid_maze, orc_0_dummy, nicolae_shop_gadgets
D:10:     layout_gridville, david_lair_shrubbed, chequers_serial_rivers_marsh,
          uniq_sonja
Temple:   regret_index_temple_sigil_plot
Lair:1:   layout_misc_corridors, gauntlet_entry_generic,
          portal_ice_cave_demonic_guard, wad_woods_road_05, uniq_nergalle
Gauntlet: gammafunk_gauntlet_shortcut [nicolae_gauntlet_swirl,
          gammafunk_gauntlet_arena_split_diamond,
          nicolae_gauntlet_arena_grate_2, gammafunk_gauntlet_arena_hedges,
          gammafunk_gauntlet_arena_arrow_garden, gammafunk_gauntlet_arena_teeth,
          gauntlet_exit_watery]

Skill      XL: |  1  2  3  4  5  6  7  8  9 10 11 |
---------------+----------------------------------+-----
Invocations    | 1 2 3 4 5 6 7 |  7.2
Short Blades   | 1 2 3 4 5 6 |  6.6
Long Blades    | 1 2 3 4 5 6 |  6.6
Maces & Flails | 1 2 3 4 5 6 |  6.6
Polearms       | 1 2 3 4 5 6 |  6.6
Staves         | 1 2 3 4 5 6 |  6.6
Slings         | 1 2 3 4 5 6 |  6.6
Bows           | 1 2 3 4 5 6 |  6.6
Crossbows      | 1 2 3 4 5 6 |  6.6
Throwing       | 1 2 3 4 5 6 |  6.6
Dodging        | 1 2 3 4 5 6 |  6.6
Stealth        | 1 2 3 4 5 6 |  6.6
Unarmed Combat | 1 2 3 4 5 6 |  6.6
Spellcasting   | 1 2 3 4 5 6 |  6.6
Evocations     | 1 2 3 4 5 6 |  6.6
Conjurations   | 1 2 3 4 5 |  5.5
Hexes          | 1 2 3 4 5 |  5.5
Summonings     | 1 2 3 4 5 |  5.5
Necromancy     | 1 2 3 4 5 |  5.5
Translocations | 1 2 3 4 5 |  5.5
Transmutations | 1 2 3 4 5 |  5.5
Fire Magic     | 1 2 3 4 5 |  5.5
Ice Magic      | 1 2 3 4 5 |  5.5
Air Magic      | 1 2 3 4 5 |  5.5
Earth Magic    | 1 2 3 4 5 |  5.5
Poison Magic   | 1 2 3 4 5 |  5.5
Axes           | 5 6 7 8 |  8.1
Fighting       | 7 8 9 |  9.4
Armour         | 7 8 9 |  9.4
Shields        | 7 8 9 |  9.4

Action                   |  1- 3 |  4- 6 |  7- 9 | 10-12 || total
-------------------------+-------+-------+-------+-------++-------
Melee: War axe           |    66 |    90 |   220 |    58 ||   434
       Bite              |     6 |     5 |    21 |    19 ||    51
       Whip              |       |     5 |       |       ||     5
       Mace              |       |       |     9 |     9 ||    18
       Broad axe         |       |       |       |    75 ||    75
       Short sword       |       |       |       |     2 ||     2
       Hunting sling     |       |       |       |     1 ||     1
 Fire: Hunting sling     |       |       |    36 |   110 ||   146
Throw: Stone             |     3 |    45 |    78 |       ||   126
       Dart              |       |       |       |     8 ||     8
Invok: Heroism           |       |       |       |     1 ||     1
  Use: Scroll            |     4 |     7 |     6 |    14 ||    31
       Potion            |       |       |     2 |     2 ||     4
Armor: Scale mail        |    22 |    27 |    61 |     4 ||   114
       Ring mail         |       |       |       |    41 ||    41
Dodge: Dodged            |    20 |    43 |    73 |   117 ||   253
Block: Kite shield       |    34 |    74 |   167 |   173 ||   448
       Reflection        |       |       |     3 |    16 ||    19
